 Dungeon Crawl Stone Soup version 0.31-a0-152-g6aa68a64a1 (webtiles) character file.

Game seed: 16050192999501310963

20 Elmgren the Trooper (level 2, 27/27 HPs)
             Began as a Minotaur Berserker on June 9, 2023.
             Was a Follower of Trog.
             Quit the game on level 2 of the Dungeon.
             The game lasted 00:02:49 (708 turns).

Elmgren the Trooper (Minotaur Berserker)             Turns: 708, Time: 00:02:49

Health: 27/27      AC:  2    Str: 21    XL:     2   Next: 58%
Magic:  1/1        EV: 12    Int:  4    God:    Trog [*.....]
Gold:   89         SH:  0    Dex:  9    Spells: 1/1 levels left

rFire   . . .        a - +0 hand axe
rCold   . . .        (no shield)
rNeg    . . .        b - +0 animal skin
rPois   .            (helmet restricted)
rElec   .            (no cloak)
rCorr   .            (no gloves)
SInv    .            (no boots)
Will    .....        (no amulet)
Stlth   +            (no ring)
HPRegen 0.24/turn    (no ring)
MPRegen 0.07/turn

%: no passive effects
@: no status effects
A: horns 2, retaliatory headbutt
a: Renounce Religion, Berserk


You were on level 2 of the Dungeon.
You worshipped Trog.
Trog was aware of your devotion.
You visited 1 branch of the dungeon, and saw 2 of its levels.

You collected 89 gold pieces.


Innate Abilities, Weirdness & Mutations

You have a pair of horns on your head.
You reflexively headbutt those who attack you in melee.


   Skills:
 + Level 4.1 Fighting
 + Level 4.0 Axes
 + Level 3.0 Armour
 - Level 2.1 Dodging


You had one spell level left.
You didn't know any spells.
Your spell library contained the following spells:

 Spells                   Type           Power      Damage    Failure   Level
 Sandblast                Erth           0%         2d4       50%         1
 Passwall                 Tmut/Erth      0%         N/A       65%         2
 Stone Arrow              Conj/Erth      0%         3d7       86%         3

Inventory:

Hand Weapons
 a - a +0 hand axe (weapon)
Armour
 b - a +0 animal skin (worn)
Scrolls
 c - a scroll of immolation {unknown}
 e - a scroll of acquirement {unknown}
 f - a scroll of teleportation {unknown}
 g - a scroll of identify {unknown}
 h - a scroll of poison {unknown}
Potions
 d - 2 potions of heal wounds {unknown}
 i - a potion of attraction {unknown}

Dungeon Overview and Level Annotations

Branches:
Dungeon (2/15) Zot: 11289

Altars:
Okawaru

Shops:
D:1

[ # .#
###.##
#....#.#
#@...?.#
#......#
+......#
#..._....
.......#.
.......#
...###.#
....# .#


There were no monsters in sight!


Message History

You kill the endoplasm!
Trog accepts your kill.
Your Axes skill increases to level 4!
A bat is nearby!
A ball python comes into view.
The bat closely misses you.
The ball python moves out of view.
A bat is nearby!
The bat closely misses you. You furiously retaliate!
You headbutt the bat!
You kill the bat!
Trog accepts your kill.
A ball python is nearby!
You see here a bat corpse.
A ball python is nearby!
You barely miss the ball python. Your headbutt misses the ball python.
The ball python barely misses you. The ball python grabs you.
The ball python constricts you.
A ball python is nearby! 😕 HP[-1]
You take 1 damage, and now have 26/27 hp.
You hit the ball python but do no damage.
The ball python bites you. The ball python constricts you.
A ball python is nearby! 😕 HP[-2]
You take 2 damage, and now have 24/27 hp.
You hit the ball python. You headbutt the ball python.
You kill the ball python!
Trog accepts your kill.
A bat comes into view.
The bat barely misses you.
You see here a ball python corpse. 😎 HP[+3]
Your hp is fully restored (27).
You miss the bat. The bat barely misses you. The bat misses you.
You furiously retaliate!
You headbutt the bat!
You kill the bat!
Trog accepts your kill.
g - a scroll labelled POK JACVUIR No target in view!
You now have 78 gold pieces (gained 4).
You now have 89 gold pieces (gained 11).
h - a scroll labelled DYJEGEZUECS No target in view!
i - a fizzy purple potion No target in view!
You see here a +0 hand axe.
A giant cockroach comes into view.
A giant cockroach is nearby!
A giant cockroach is nearby!
The giant cockroach barely misses you. You furiously retaliate!
You headbutt the giant cockroach!
You kill the giant cockroach!
Trog accepts your kill.
An endoplasm comes into view.
The endoplasm quivers.
An endoplasm is nearby!
An endoplasm is nearby!
The endoplasm barely misses you.
An endoplasm is nearby!
You hit the endoplasm but do no damage. The endoplasm barely misses you.
You furiously retaliate!
You headbutt the endoplasm.
You kill the endoplasm!
Trog accepts your kill.
Your Armour skill increases to level 3!
You open the door.
There is an open door here.
You see here a +0 robe.
Things that are here:
a +0 dagger; a goblin skeleton
There is a fountain of clear blue water here.
There is an entrance to Jeb Yss's Armour Shop here.
There is a fountain of clear blue water here.
Key pressed, stopping explore.
No target in view!
There is an open door here.
There is an open door here.
Done exploring.
No target in view!
Done exploring.
Search for what [? for help]? @
There is an open door here.
You see here a +0 war axe.
Press: ? - help, v - describe, . - travel A rock wall.
There is an open door here.
There is a stone staircase leading down here.
You climb downwards.
Found a scroll labelled POK JACVUIR.
Found an iron altar of Okawaru.
There is a stone staircase leading up here.
Saving game... please wait.
Options error: Missing colour in message_colour setting: 'that.*feels deathly cold' Options error: Missing colour in message_colour setting: 'and you must be Full or above to equip it' Options error: Missing colour in message_colour setting: 'but rights himself reflexively soon after' Options error: Missing colour in message_colour setting: 'before it is too late' Welcome back, Elmgren the Minotaur Berserker.
Trog says: Kill them all!
Press ? for a list of commands and other information.
Are you sure you want to abandon this character and quit the game? (Confirm with "yes".)

Skill      XL: |  1  2 |
---------------+-------+-----
Fighting       | 4 |  4.1
Axes           | 4 |  4.0
Armour         | 3 |  3.0
Dodging        | |  2.1

Action                     || total
---------------------------++-------
  Melee: Hand axe          ||    24
         Headbutt          ||     4
 Armour: Animal skin       ||     2
  Dodge: Dodged            ||    25

Levels and vault maps discovered:
D:1:      minmay_arrival_open_corners, layout_basic, serial_shops,
          shop_fountains, minmay_hexomino_u4
D:2:      layout_basic, basic_altar

Notes
Turn   | Place    | Note
-------+----------+-------------------------------------------
     0 | D:1      | Elmgren the Minotaur Berserker began the quest for the Orb.
     0 | D:1      | Reached XP level 1. HP: 19/19 MP: 0/0
   160 | D:1      | Found Jeb Yss's Armour Shop.
   169 | D:1      | magus.rc [v1.11.6]
   212 | D:1      | Reached XP level 2. HP: 27/27 MP: 1/1
   234 | D:1      | You add the spells Sandblast, Passwall and Stone Arrow to
                  | your library.
   355 | D:1      | Reached skill level 4 in Fighting
   432 | D:1      | Reached skill level 4 in Axes
   538 | D:1      | Reached skill level 3 in Armour
   707 | D:2      | Found an iron altar of Okawaru.
   708 | D:2      | magus.rc [v1.11.6]
   708 | D:2      | Quit the game

Vanquished Creatures
  A dart slug (D:1)
  5 bats (D:1)
  3 endoplasms (D:1)
  A giant cockroach (D:1)
  A hobgoblin (D:1)
  A quokka (D:1)
  2 ball pythons (D:1)
  A goblin (D:1)
  A rat (D:1)
16 creatures vanquished.

Table legend:
 A = Non-vault XP
 B = Vault XP
 C = Vault XP percentage of total XP
 D = Non-vault monster count
 E = Vault monster count
 F = Vault count percentage of total count
                 A         B        C        D         E       F
            +---------+---------+-------+---------+---------+-------
      Total |      22 |       7 |  24.1 |      12 |       4 |  25.0
            +---------+---------+-------+---------+---------+-------
        D:1 |      22 |       7 |  24.1 |      12 |       4 |  25.0
            +---------+---------+-------+---------+---------+-------

Skill      XL: |  1  2 |
---------------+-------+-----
Fighting       | 4 |  4.1
Axes           | 4 |  4.0
Armour         | 3 |  3.0
Dodging        | |  2.1

Action                     || total
---------------------------++-------
  Melee: Hand axe          ||    24
         Headbutt          ||     4
 Armour: Animal skin       ||     2
  Dodge: Dodged            ||    25

Illustrated notes

Table legend:
 A = Kills in this place as a percentage of kills in the entire game.
 B = Kills by you in this place as a percentage of kills by you in the entire game.
 C = Kills by friends in this place as a percentage of kills by friends in the entire game.
 D = Other kills in this place as a percentage of other kills in the entire game.
 E = Experience gained in this place as a percentage of experience gained in the entire game.
 F = Experience gained in this place divided by the number of levels of this place that you have seen.
                   A       B       C       D       E      F
               +-------+-------+-------+-------+-------+----------------------
         Total | 100.0 | 100.0 |   N/A |   N/A | 100.0 |  14.5
       Dungeon | 100.0 | 100.0 |   N/A |   N/A | 100.0 |  14.5
               +-------+-------+-------+-------+-------+----------------------

Table legend: (Time is in decaauts)
 A = Elapsed time spent in this place.
 B = Non-inter-level travel time spent in this place.
 C = Inter-level travel time spent in this place.
 D = Time resting spent in this place.
 E = Time spent auto-exploring this place.
 F = Levels seen in this place.
 G = Mean time per level.
                   A        B        C        D        E       F      G
               +--------+--------+--------+--------+--------+-----+--------+
         Total |    710 |    653 |     57 |      0 |    571 |   2 |  355.0 |
       Dungeon |    710 |    653 |     57 |      0 |    571 |   2 |  355.0 |
               +--------+--------+--------+--------+--------+-----+--------+

Top non-repeatable levels by time:
     D:1: 709 daAuts
     D:2: 0 daAuts
